 Dungeon Crawl Stone Soup version 0.21-a0-531-gacddea6 (webtiles) character file.

5 Beatriz the Skirmisher (level 1, -5/23 HPs)
             Began as a Gnoll Abyssal Knight on Dec 13, 2017.
             Was a Follower of Lugonu.
             Slain by an ancient zyme (6 damage)
             ... on level 1 of the Abyss.
             The game lasted 00:02:16 (204 turns).

Beatriz the Skirmisher (Gnoll Abyssal Knight)        Turns: 204, Time: 00:02:17

Health: -5/23      AC:  3    Str: 14    XL:     1   Next: 80%
Magic:  3/3        EV: 17    Int: 14    God:    Lugonu [*.....]
Gold:   12         SH:  0    Dex: 14    Spells: 0/0 levels left

rFire    . . .     SeeInvis .   a - +1 hand axe
rCold    . . .     Gourm    .   (no shield)
rNeg     . . .     Faith    .   b - +0 leather armour
rPois    .         Spirit   .   (no helmet)
rElec    .         Reflect  .   (no cloak)
rCorr    .         Harm     .   (no gloves)
MR       .....                  (no boots)
Stlth    +.........             (no amulet)
HPRegen  0.00/turn              f - +5 ring of evasion
MPRegen  0.08/turn              (no ring)

@: non-regenerating, diseased
A: distributed training, fangs 1, strong nose
a: Depart the Abyss, Renounce Religion


You were on level 1 of the Abyss.
You worshipped Lugonu.
Lugonu was aware of your devotion.
You were not hungry.

You visited 0 branches of the dungeon, and saw 0 of its levels.
You visited the Abyss 1 time.

You collected 12 gold pieces.

Inventory:

Hand Weapons
 a - a +1 hand axe (weapon)
Armour
 b - a +0 leather armour (worn)
Jewellery
 f - a +5 ring of evasion (left hand)
Potions
 d - a potion of resistance {unknown}
Comestibles
 c - a bread ration


   Skills:
 + Level 6.4 Fighting
 + Level 0.1 Short Blades
 + Level 0.1 Long Blades
 + Level 4.4 Axes
 + Level 0.1 Maces & Flails
 + Level 0.1 Polearms
 + Level 0.1 Staves
 + Level 0.1 Slings
 + Level 0.1 Bows
 + Level 0.1 Crossbows
 + Level 0.1 Throwing
 + Level 4.4 Armour
 + Level 2.4 Dodging
 + Level 0.1 Stealth
 + Level 0.1 Shields
 + Level 0.1 Unarmed Combat
 + Level 0.1 Spellcasting
 + Level 0.1 Conjurations
 + Level 0.1 Hexes
 + Level 0.1 Charms
 + Level 0.1 Summonings
 + Level 0.1 Necromancy
 + Level 0.1 Translocations
 + Level 0.1 Transmutations
 + Level 0.1 Fire Magic
 + Level 0.1 Ice Magic
 + Level 0.1 Air Magic
 + Level 0.1 Earth Magic
 + Level 0.1 Poison Magic
 + Level 4.4 Invocations
 + Level 0.1 Evocations


You couldn't memorise any spells.
You didn't know any spells.

Dungeon Overview and Level Annotations

Branches:
Dungeon (0/15)

Altars:


Innate Abilities, Weirdness & Mutations

Your experience applies equally to all skills.
You have very sharp teeth.
Your uncanny sense of smell can sniff out nearby items.


Message History

The white imp gestures at you. The puff of frost hits you!
The white imp gestures at you. The puff of frost misses you.
The white imp gestures at you. The puff of frost misses you.
An ancient zyme comes into view.
You feel yourself growing ill in the presence of the ancient zyme.
You feel ill.
You feel ill.
You feel ill.
The white imp laughs crazily.
The ancient zyme hits you. The ancient zyme hits you!
* * * LOW HITPOINT WARNING * * *
You hit the ancient zyme. You bite the ancient zyme.
The ancient zyme is lightly damaged.
The ancient zyme hits you.
* * * LOW HITPOINT WARNING * * *
The ancient zyme hits you.
You die...

#### #..###
##@x5####
#..#..#.# ##
#####...###.#
∆ #.##...#
#.#.#.### ..
.##...## ## #
#.. ###
.##.#. #.# .
#. .#....
...#.## ###..


You could see an ancient zyme and a white imp.

Vanquished Creatures
  An ufetubus (Abyss:1)
1 creature vanquished.

Notes
Turn   | Place    | Note
-------+----------+-------------------------------------------
     0 | Abyss:1  | Beatriz the Gnoll Abyssal Knight began the quest for the Orb.
     0 | Abyss:1  | Reached XP level 1. HP: 23/23 MP: 3/3
    25 | Abyss:1  | Found a corrupted altar of Lugonu.
    31 | Abyss:1  | Found a blossoming altar of Fedhas.
   111 | Abyss:1  | Noticed a small abomination
   133 | Abyss:1  | Noticed a small abomination
   176 | Abyss:1  | Noticed an ancient zyme
   204 | Abyss:1  | HP: 1/23 [ancient zyme (5)]
   204 | Abyss:1  | Slain by an ancient zyme

Vault maps used:

Action                   || total
-------------------------++-------
Melee: Hand axe          ||     2
       Bite              ||     1
  Use: Scroll            ||     1
 Stab: Distracted        ||     1
Dodge: Dodged            ||     2

Table legend:
 A = Spawn XP
 B = Non-spawn XP
 C = Spawn XP percentage of total XP
 D = Spawn monster count
 E = Non-spawn monster count
 F = Spawn count percentage of total count
 G = Total turns spent on level
                    A         B        C        D         E        F      G
               +---------+---------+-------+---------+---------+-------+---------
         Total |       0 |       8 |   0.0 |       0 |       1 |   0.0 |   204
               +---------+---------+-------+---------+---------+-------+---------
       Abyss:1 |       0 |       8 |   0.0 |       0 |       1 |   0.0 |   204
               +---------+---------+-------+---------+---------+-------+---------
